 Dungeon Crawl Stone Soup version 0.19.5 (webtiles) character file.

174 equalderp2856 the Scratcher (level 5, 0/24 HPs)
             Began as a Felid Fighter on Mar 28, 2017.
             Slain by a gnoll
             ... wielding a +0 flail
              (13 damage)
             ... on level 3 of the Dungeon.
             The game lasted 00:12:25 (4776 turns).

equalderp2856 the Scratcher (Felid Fighter)         Turns: 4776, Time: 00:12:26

Health: 0/24       AC:  1    Str: 13    XL:     5   Next: 28%
Magic:  16/16      EV: 20    Int:  9    God:
Gold:   87         SH:  0    Dex: 16    Spells: 1 memorised, 5 levels left
                                        Lives:  0   Deaths: 1

rFire  . . .     SeeInvis +       - Unarmed
rCold  . . .     Gourm    .     (armour unavailable)
rNeg   . . .     Faith    .     (shield unavailable)
rPois  .         Spirit   .     (helmet unavailable)
rElec  .         Reflect  .     (cloak unavailable)
rCorr  .         Harm     .     (gloves unavailable)
MR     .....                    (boots unavailable)
Stlth  +++.......               (no amulet)
                                n - ring of magical power
                                i - ring of see invisible

@: quick
A: no armour, no weapons or thrown items, stealth, claws 1, fangs 3, see
invisible, carnivore 3, speed 1, shaggy fur 1, slow metabolism 1, sharp paws
a: no special abilities


You were on level 3 of the Dungeon.
You were not hungry.

You visited 1 branch of the dungeon, and saw 3 of its levels.
You also visited: Sewer.

You collected 87 gold pieces.

Inventory:

Jewellery
 i - a ring of see invisible (left paw)
 n - a ring of magical power (right paw)
Wands
 l - a wand of disintegration (8/24)
Scrolls
 m - 3 scrolls of teleportation
 o - a scroll of fog {unknown}
 p - 4 scrolls of magic mapping {unknown}
 r - a scroll of blinking {unknown}
 s - a scroll of identify
 t - 2 scrolls of remove curse
Potions
 a - 2 potions of might
 c - 3 potions of agility
 d - a potion of lignification
 e - a potion of magic
 f - a potion of curing {unknown}
 j - 2 potions of haste
 q - 2 potions of flight
Books
 k - a book of Misfortune

   Spells                             Type                      Level
   a - Confusing Touch                Hexes                        1
   b - Confuse                        Hexes                        3
   c - Gell's Gravitas                Hexes/Translocation          3
   d - Petrify                        Transmutation/Earth          4
   e - Metabolic Englaciation         Hexes/Ice                    5
   f - Yara's Violent Unravelling     Hexes/Transmutation          5
Comestibles
 b - 2 meat rations
 g - a beef jerky
 h - 2 royal jellies


   Skills:
 + Level 3.3 Fighting
 + Level 5.2 Dodging
 + Level 2.7 Stealth
 + Level 6.2 Unarmed Combat
 + Level 1.0 Spellcasting
 + Level 1.3 Hexes


You had 5 spell levels left.
You knew the following spells:

 Your Spells              Type           Power        Failure   Level  Hunger
a - Confusing Touch       Hex            #.....       21%         1    ##.....


Dungeon Overview and Level Annotations

Branches:
Dungeon (3/15)

Altars:
Xom


Innate Abilities, Weirdness & Mutations

You cannot wear armour.
You are incapable of wielding weapons or throwing items.
Your paws allow you to move quietly. (Stealth)
You have sharp claws.
You have razor-sharp teeth.
You have supernaturally acute eyesight. (SInv)
You are carnivorous and can eat meat at any time.
You cover ground quickly.
You are covered in fur. (AC +1)
You have a slow metabolism.
Your sharp claws are effective at attacking unaware monsters.


Message History

The leopard gecko completely misses you.
You claw the leopard gecko!
You kill the leopard gecko!
The goblin shouts!
The gnoll shouts!
You hear a shout!
The goblin misses you.
You completely miss the goblin. The goblin hits you with a club.
You barely miss the goblin. You bite the goblin.
The goblin is heavily wounded.
The goblin barely misses you. The gnoll hits you with a flail!
You claw the goblin!
You kill the goblin!
You scratch the gnoll. You bite the gnoll.
The gnoll is heavily wounded.
The gnoll hits you with a flail.
A goblin comes into view. It is wielding a club.
You completely miss the gnoll.
The gnoll is heavily wounded.
The gnoll hits you with a flail!
Ouch! That really hurt!
You die...

##.##.#.## ######.##.##.#
#...###
.....###.###............#
#.#.... ....##
##.##.####.##.#..#
#...##.
##...###..##.####.##.#..#
######.
#.....#...........##.#.##
#.
#...##.##.##########.#.#
#. #...#####.# #...# #.
#...#####.##########.#.#
#.
#.............gg@....#.#
#.
#.......#.##########.#.#
#. #.#####.#.# #.#.# #.
#.# #g#(. #.#.# #####.
#.# #.#### #.#.# #.....
#.# #.# #.#.# #.###. ).#
#.# ... #g#)# #.# #. ###
#.# #.# ## #.#.## #.###.
#.# ##.# .# #.#..# #.....


You could see a gnoll and a goblin.

Vanquished Creatures
  Purgy (Sewer)
  Ijyb (D:2)
  3 gnolls (D:3)
  4 adders
  2 oozes
  A worm (D:2)
  3 dart slugs (D:1)
  4 leopard geckos (D:3)
  4 ball pythons
  5 bats
  6 giant cockroaches
  15 goblins
  9 hobgoblins
  7 jackals
  6 kobolds
  8 frilled lizards
  14 rats
93 creatures vanquished.

Notes
Turn   | Place    | Note
-------+----------+-------------------------------------------
     0 | D:1      | equalderp2856 the Felid Fighter began the quest for the Orb.
     0 | D:1      | Reached XP level 1. HP: 10/10 MP: 2/2
   147 | D:1      | Reached XP level 2. HP: 10/14 MP: 3/3
   763 | D:1      | Reached XP level 3. HP: 13/17 MP: 4/4
  1138 | D:2      | Learned a level 1 spell: Confusing Touch
  1601 | D:2      | Noticed Ijyb
  1614 | D:2      | Killed Ijyb
  1614 | D:2      | Reached skill level 1 in Stealth
  1614 | D:2      | Reached skill level 5 in Unarmed Combat
  1614 | D:2      | Reached XP level 4. HP: 18/21 MP: 5/5
  1747 | D:2      | Reached skill level 5 in Dodging
  2285 | D:2      | Found a shimmering altar of Xom.
  2677 | D:3      | Found a glowing drain.
  2687 | D:3      | Reached XP level 5. HP: 24/24 MP: 6/6
  2726 | Sewer    | Entered a sewer
  3030 | Sewer    | Noticed Purgy
  3138 | Sewer    | Killed Purgy
  3138 | Sewer    | Reached skill level 6 in Unarmed Combat
  3138 | Sewer    | Reached skill level 1 in Hexes
  4100 | D:3      | HP: 1/24 [gnoll/flail (12)]
  4102 | D:3      | Slain by a leopard gecko
  4103 | D:3      | Reached XP level 4. HP: -1/21 MP: 15/15
  4380 | D:3      | Reached XP level 5. HP: 24/24 MP: 7/7
  4643 | D:3      | Reached skill level 1 in Spellcasting
  4776 | D:3      | Slain by a gnoll

Skill      XL: |  1  2  3  4  5 |
---------------+----------------+-----
Stealth        | 1 2 |  2.7
Unarmed Combat | 5 6 |  6.2
Dodging        | 5 |  5.2
Hexes          | 1 |  1.3
Spellcasting   | 1 |  1.0
Fighting       | |  3.3

Action                   |  1- 3 |  4- 6 || total
-------------------------+-------+-------++-------
Melee: Unarmed           |   108 |   170 ||   278
       Bite              |    11 |    15 ||    26
       Punch             |     3 |     2 ||     5
 Cast: Confusing Touch   |       |     6 ||     6
  Use: Scroll            |       |     5 ||     5
       Potion            |       |     4 ||     4
 Stab: Sleeping          |     2 |     3 ||     5
       Confused          |       |     1 ||     1
  Eat: Chunk             |     7 |     8 ||    15
Armor: Skin              |     5 |     9 ||    14
Dodge: Dodged            |   120 |   144 ||   264
